 Dungeon Crawl Stone Soup version 0.19-a0-585-ge40200b (webtiles) character file.

91 nubinia the Stinger (level 4, -7/24 HPs)
             Began as a Tengu Venom Mage on June 9, 2016.
             Mangled by a gnoll
             ... wielding a +0 flail
              (12 damage)
             ... on level 2 of the Dungeon.
             The game lasted 00:09:40 (2795 turns).

nubinia the Stinger (Tengu Venom Mage)              Turns: 2795, Time: 00:09:41

Health: -7/24      AC:  3    Str:  8    XL:     4   Next: 59%
Magic:  5/8        EV: 13    Int: 16    God:
Gold:   180        SH:  0    Dex: 15    Spells: 3 memorised, 2 levels left

rFire  . . .     SeeInvis .     i - +2 dagger (venom)
rCold  . . .     Gourm    .     a - +1 robe
rNeg   . . .     Faith    .     (no shield)
rPois  .         Spirit   .     (helmet restricted)
rElec  .         Dismiss  .     (no cloak)
rCorr  .         Reflect  .     (no gloves)
SustAt .         Harm     .     (boots unavailable)
MR     .....                    (no amulet)
Stlth  ++........               (no ring)
                                (no ring)

@: not resistant to hostile enchantments, unstealthy
A: beak, talons 3
a: no special abilities


You were on level 2 of the Dungeon.
You were hungry.

You visited 1 branch of the dungeon, and saw 3 of its levels.

You collected 180 gold pieces.

Inventory:

Hand Weapons
 g - a +0 dagger
 i - a +2 dagger of venom (weapon)
Armour
 a - a +1 robe (worn)
Scrolls
 e - 2 scrolls of noise
Potions
 f - 2 potions of curing {unknown}
 k - a potion of resistance {unknown}
 m - a potion of agility
 n - a potion of haste
 p - a potion of berserk rage
Books
 b - a Young Poisoner's Handbook

   Spells                             Type                      Level
   a - Sting                          Conjuration/Poison           1
   b - Cure Poison                    Poison                       2
   c - Mephitic Cloud                 Conjuration/Poison/Air       3
   d - Olgreb's Toxic Radiance        Poison                       4
   e - Venom Bolt                     Conjuration/Poison           5
Comestibles
 c - a bread ration
 d - a meat ration
 l - 2 beef jerkies


   Skills:
 + Level 0.2 Short Blades
 + Level 2.2 Dodging
 + Level 3.1 Stealth
 + Level 2.6 Spellcasting
 * Level 3.1 Conjurations
 * Level 1.0 Air Magic
 - Level 4.0 Poison Magic


You had 2 spell levels left.
You knew the following spells:

 Your Spells              Type           Power        Failure   Level  Hunger
a - Sting                 Conj/Pois      ##..         6%          1    #......
b - Cure Poison           Pois           ###.......   8%          2    ##.....
c - Mephitic Cloud        Conj/Pois/Air  ##......     21%         3    ###....


Dungeon Overview and Level Annotations

Branches:
Dungeon (3/15)

Altars:
Makhleb

Annotations:
D:3 Xoff's ghost, amateur OpWz


Innate Abilities, Weirdness & Mutations

You have a beak for a mouth.
You have claws for feet.


Message History

* * * LOW HITPOINT WARNING * * *
Unknown command.
You barely miss the gnoll.
The gnoll is lightly wounded.
The jackal is engulfed in noxious fumes.
The jackal appears confused.
The gnoll barely misses you.
The jackal is engulfed in noxious fumes.
The jackal appears confused.
The jackal bites the gnoll.
Unknown command.
You hit the gnoll.
The gnoll is poisoned.
The gnoll is heavily wounded.
The jackal is engulfed in noxious fumes.
The jackal appears confused.
The gnoll completely misses you.
You hit the gnoll but do no damage.
The gnoll looks even sicker.
Your peck misses the gnoll.
The gnoll is heavily wounded.
The jackal bites the jackal but does no damage.
The gnoll hits you with a flail!
Ouch! That really hurt!
You die...

#### #... #... #...
#... #### ########
#@hh...###########
#g§.....).........
#.####..########..
#########.#
##.#....# #..
#.........# #......#
#.. #.#########
##.....# #..
#.####### #.....#
#.. #.......#
##.#### #..
#######.#########..#
#..


You could see a gnoll and 2 jackals.

Vanquished Creatures
  3 adders (D:2)
  5 dart slugs
  2 orcs (D:2)
  4 giant cockroaches
  3 goblins
  7 hobgoblins
  3 jackals (D:2)
  8 kobolds
  A ball python (D:1)
  4 bats
  3 giant newts (D:2)
  10 rats
53 creatures vanquished.

Notes
Turn   | Place    | Note
--------------------------------------------------------------
     0 | D:1      | nubinia the Tengu Venom Mage began the quest for the Orb.
     0 | D:1      | Reached XP level 1. HP: 10/10 MP: 4/4
   147 | D:1      | Reached skill level 1 in Conjurations
   201 | D:1      | Reached XP level 2. HP: 15/15 MP: 3/6
   233 | D:1      | Learned a level 2 spell: Cure Poison
   602 | D:1      | Reached XP level 3. HP: 19/19 MP: 5/7
  1065 | D:2      | Learned a level 3 spell: Mephitic Cloud
  1763 | D:2      | Found a burning altar of Makhleb.
  1939 | D:2      | Reached XP level 4. HP: 24/24 MP: 8/8
  2372 | D:2      | Reached skill level 1 in Air Magic
  2730 | D:3      | Noticed Xoff's ghost (amateur OpWz)
  2795 | D:2      | Mangled by a gnoll

Vault maps used:
D:1:      wheals_arrival_shading
D:2:      lemuel_doored_altar
D:3:      lightli_sewer_entry_pipes, uniq_iyjb, uniq_sigmund

Skill      XL: |  1  2  3  4 |
---------------+-------------+-----
Conjurations   | 1 2 3 |  3.1
Air Magic      | 1 |  1.0
Stealth        | 3 |  3.1
Short Blades   | |  0.2
Dodging        | |  2.2
Spellcasting   | |  2.6
Poison Magic   | |  4.0

Action                   |  1- 3 |  4- 6 || total
-------------------------+-------+-------++-------
Melee: Unarmed           |     5 |       ||     5
       Peck              |     8 |     3 ||    11
       Kick              |     9 |     6 ||    15
       Dagger            |    41 |    31 ||    72
 Cast: Sting             |    40 |     4 ||    44
       Cure Poison       |     1 |     3 ||     4
       Mephitic Cloud    |       |     2 ||     2
  Use: Scroll            |     3 |     4 ||     7
 Stab: Sleeping          |     6 |     1 ||     7
  Eat: Chunk             |     4 |     2 ||     6
Armor: Robe              |     4 |     8 ||    12
Dodge: Dodged            |    22 |    37 ||    59
